 Dungeon Crawl Stone Soup version 0.28.0-53-g5a82cb258f (webtiles) character file.

Game seed: 1190799430029087301

17008 quokkamancerX the Geomancer (level 12, -8/82 (84) HPs)
             Began as a Gargoyle Earth Elementalist on June 16, 2022.
             Was a Believer of Ashenzari.
             Mangled by a spectral orc knight
             ... wielding a +6 great sword of draining
             ... summoned by Nergalle
              (27 damage)
             ... on level 10 of the Dungeon.
             The game lasted 01:18:23 (17736 turns).

quokkamancerX the Geomancer (GrEE)                 Turns: 17736, Time: 01:18:23

HP:   -8/82 (84)    AC: 19    Str:  7    XL:     12   Next: 43%
MP:   18/34         EV: 15    Int: 25    God:    Ashenzari [**....]
Gold: 876           SH: 11    Dex: 13    Spells: 23/29 levels left

rFire   + . .      SeeInvis +   k - +11 rapier of the Cosmic Augur {drain, rCorr Str-4 Dex+3 SInv, Bglg, Cun} (curse)
rCold   . . .      Faith    .   J - +0 kite shield {AC+3}
rNeg    + . .      Spirit   .   b - +2 robe {rF+}
rPois   ∞          Reflect  .   t - +2 helmet "Ordeal of the Sky" {Int+3, Self, Bglg} (curse)
rElec   +          Harm     .   (no cloak)
rCorr   +          Rampage  .   (no gloves)
Will    .....                   G - +0 pair of boots "Eternal Frustration" {Alch, Range} (curse)
Stlth   +++.......              (no amulet)
HPRegen 0.23/turn               I - ring of Ashenzari's Soothsayer {EV+4, Alch, Melee} (curse)
MPRegen 0.24/turn               K - ring of magical power

@: lightly drained
A: sickness immunity, AC +8, negative energy resistance 1, electricity
resistance, torment resistance 1, petrification resistance
a: Renounce Religion, Shatter the Chains


You were on level 10 of the Dungeon.
You worshipped Ashenzari.
Ashenzari was pleased with you.
You visited 2 branches of the dungeon, and saw 11 of its levels.
You also visited: Sewer and Bailey.

You collected 939 gold pieces.
You spent 63 gold pieces at shops.

Inventory:

Hand Weapons
 k - the cursed +11 rapier of the Cosmic Augur (weapon) {drain, rCorr Str-4 Dex+3 SInv, Bglg, Cun}
   (You found it on level 9 of the Dungeon)

   A truly terrible weapon, it drains the life of any living foe it strikes.
   Str:       It affects your strength (-4).
   Dex:       It affects your dexterity (+3).
   SInv:      It lets you see invisible.
   rCorr:     It protects you from acid and corrosion.
   It has a curse which improves the following skills: Beguiling: Conjurations,
   Hexes and Translocations.
   Cunning:   Dodging and Stealth.
Missiles
 c - 355 stones
 h - 6 throwing nets
 x - 2 curare-tipped darts
Armour
 b - a +2 robe of fire resistance (worn)
 t - the cursed +2 helmet "Ordeal of the Sky" (worn) {Int+3, Self, Bglg}
   (You found it on level 3 of the Dungeon)

   It has a curse which improves the following skills: Introspection: Fighting
   and Spellcasting.
   Beguiling: Conjurations, Hexes and Translocations.
 G - the cursed +0 pair of boots "Eternal Frustration" (worn) {Alch, Range}
   (You found it on level 8 of the Dungeon)

   It has a curse which improves the following skills: Alchemy: Poison Magic and
   Transmutations.
   Ranged Combat: Slings, Bows, Crossbows and Throwing.
 J - a +0 kite shield of protection (worn)
Magical Staves
 M - a staff of earth
Jewellery
 i - a +6 ring of intelligence
 s - a +4 ring of evasion
 I - the cursed ring of Ashenzari's Soothsayer (left hand) {EV+4, Alch, Melee}
   (You found it on level 8 of the Dungeon)

   [ring of evasion]

   EV:        It affects your evasion (+4).
   It has a curse which improves the following skills: Alchemy: Poison Magic and
   Transmutations.
   Melee Combat: Short Blades, Long Blades, Axes, Maces & Flails, Polearms,
   Staves and Unarmed Combat.
 K - a ring of magical power (right hand)
 N - a +6 ring of intelligence
Wands
 A - a wand of polymorph (7)
 D - a wand of flame (49)
 E - a wand of iceblast (6)
 H - a wand of paralysis (6)
Scrolls
 d - 2 scrolls of amnesia
 f - 5 scrolls of teleportation
 n - a scroll of silence
 o - 5 scrolls of fog
 u - a scroll of immolation
 w - a scroll of enchant weapon
 y - a scroll of fear
 B - 2 scrolls of magic mapping
 C - a scroll of blinking
 F - a scroll of vulnerability
Potions
 a - a potion of magic
 e - 3 potions of heal wounds
 g - 6 potions of curing
 j - 3 potions of flight
 l - 2 potions of might
 m - 2 potions of invisibility
 p - a potion of mutation
 q - 2 potions of attraction
 r - 3 potions of haste
 v - 2 potions of cancellation
 z - a potion of resistance
 L - a potion of brilliance


   Skills:
 - Level 12.0(13.1) Fighting
 - Level 1.5(2.4) Dodging
 - Level 5.0(6.2) Stealth
 - Level 9.0 Shields
 - Level 8.0(9.3) Spellcasting
 + Level 5.7 Summonings
 - Level 0.7(1.6) Transmutations
 - Level 12.0 Earth Magic


You had 23 spell levels left.
You knew the following spells:

 Your Spells              Type           Power      Damage    Failure   Level
a - Sandblast             Erth           100%       2d20      1%          1
b - Stone Arrow           Conj/Erth      84%        3d12      3%          3
c - Passwall              Tmut/Erth      37%        N/A       1%          2

Your spell library contained the following spells:

 Spells                   Type           Power      Damage    Failure   Level
 Petrify                  Tmut/Erth      45%        N/A       8%          4
 Summon Forest            Summ/Tloc      13%        N/A       71%         5
 Summon Mana Viper        Hex/Summ       26%        N/A       71%         5
 Summon Cactus Giant      Summ           20%        N/A       87%         6


Dungeon Overview and Level Annotations

Branches:
Dungeon (10/15)            Temple (1/1) D:5            Lair (0/6) D:8
    Orc (0/2) D:9           Sewer (visited)          Bailey (visited)

Altars:
Ashenzari
Cheibriados
Dithmenos
Elyvilon
Fedhas
Gozag
Hepliaklqana
Kikubaaqudgha
Makhleb
Nemelex Xobeh
Okawaru
Qazlal
Ru
Sif Muna
Trog
Uskayaw
Vehumet
Wu Jian
Xom
Yredelemnul
Zin
The Shining One

Shops:
D:9 ?(!

Annotations:
D:9 exclusions: hydra and 3 more exclusions
D:10 Nergalle


Innate Abilities, Weirdness & Mutations

You are immune to sickness and miasma.
Your stone body is resilient. (AC +8)
You are immune to poison.
You resist negative energy. (rN+)
You are resistant to electric shocks. (rElec)
You are resistant to unholy torment.
You are immune to petrification.


Message History

Aiming: Stone Arrow (mildly dangerous; 3% risk of failure)
Press: ? - help, Shift-Dir - straight line, f/p - Nergalle
Aim: Nergalle, wielding a +1 dagger of speed and wearing a +2 robe of fire resistance (heavily wounded, 73% to hit)
The stone arrow hits Nergalle!
Nergalle is severely wounded.
The spectral orc knight hits you but does no damage.
The spectral orc hits you but does no damage.
The spectral orc closely misses you.
The spectral orc warrior barely misses you.
Nergalle barely misses you.
You block the spectral orc knight's attack.
The spectral orc closely misses you. The spectral orc warrior misses you.
Okay, then.
You feel much better.
You block the spectral orc knight's attack.
The spectral orc barely misses you. Nergalle completely misses you.
You block the spectral orc's attack.
The spectral orc warrior hits you with a +0 hand axe.
The spectral orc knight hits you with a +6 great sword of draining!
The spectral orc barely misses you. The spectral orc warrior misses you.
Casting: Stone Arrow (mildly dangerous; 3% risk of failure)
Confirm with . or Enter, or press ? or * to list all spells.
Aiming: Stone Arrow (mildly dangerous; 3% risk of failure)
Press: ? - help, Shift-Dir - straight line, f/p - Nergalle
Aim: Nergalle, wielding a +1 dagger of speed and wearing a +2 robe of fire resistance (severely wounded, 73% to hit)
The stone arrow hits Nergalle!
Nergalle is severely wounded.
Nergalle casts a spell at you. The bolt of negative energy hits you!
You partially resist.
You feel drained.
* * * LOW HITPOINT WARNING * * *
The bolt of negative energy hits the spectral orc.
The spectral orc completely resists.
The bolt of negative energy hits the spectral orc warrior.
The spectral orc warrior completely resists.
The spectral orc knight hits you but does no damage.
The spectral orc hits you but does no damage.
You block the spectral orc's attack.
You block the spectral orc warrior's attack.
The spectral orc knight hits you with a +6 great sword of draining!!
You die...

............##
#...............#
#...>...........##
#................#
#................#
#................#
#..ZZZ..........##
#..ZZZ.........##
#.Zo@ZZ.......##
##.ZZZ......###
##.Z.....###
###...### #####


You could see Nergalle, 3 spectral orcs, 8 spectral orc warriors and 2 spectral
orc knights.

Vanquished Creatures
  A boulder beetle (D:9)
  The ghost of DocClef the Cleaver, a journeyman DrFi of Hepliaklqana (D:9)
  4 two-headed ogres
  A death knight (D:9)
  A tengu warrior (D:8)
  3 skeletal warriors (D:10)
  An ugly thing (D:8)
  A cyclops (D:8)
  A manticore (D:8)
  A troll (D:10)
  A meliai (D:9)
  Sigmund (D:3)
  3 wyverns
  4 vampire mosquitoes (D:10)
  9 yaks
  A steam dragon (D:10)
  Edmund (D:4)
  2 water moccasins
  2 ice beasts
  6 orc warriors
  A sky beast (D:6)
  2 necrophages
  A black bear (D:8)
  6 wolves (Bailey)
  4 centaurs
  2 ogres
  A phantom (D:6)
  4 kobold brigands
  Blork the orc (D:6)
  10 gnoll sergeants
  2 scorpions
  4 bullfrogs
  A water moccasin skeleton (D:6)
  12 killer bees (D:9)
  13 wights
  An electric eel (D:8)
  2 howler monkeys
  5 centaur zombies
  A centaur skeleton (D:6)
  4 hounds
  A jelly (D:7)
  3 orc priests
  9 gnoll shamans
  2 iguanas
  8 orc wizards
  A hound skeleton (D:4)
  Robin (D:2)
  22 gnolls
  8 adders
  6 river rats
  2 white imps
  A worm (D:2)
  An adder skeleton (D:4)
  4 dart slugs
  28 orcs
  14 ball pythons
  4 endoplasms
  4 giant cockroaches
  18 goblins
  10 hobgoblins
  13 jackals
  32 kobolds
  3 quokkas
  3 bats
  4 frilled lizards
  34 rats
358 creatures vanquished.

Vanquished Creatures (others)
  A wraith (D:10)
  18 plants (D:8)
19 creatures vanquished.

Grand Total: 377 creatures vanquished

Notes
Turn   | Place    | Note
-------+----------+-------------------------------------------
     0 | D:1      | quokkamancerX the Gargoyle Earth Elementalist began the
                  | quest for the Orb.
     0 | D:1      | Reached XP level 1. HP: 10/10 MP: 3/3
   225 | D:1      | Reached XP level 2. HP: 15/15 MP: 1/5
  1048 | D:1      | Reached XP level 3. HP: 13/19 MP: 7/7
  2268 | D:2      | Noticed Robin
  2300 | D:2      | Killed Robin
  2301 | D:2      | Reached XP level 4. HP: 24/24 MP: 10/10
  4186 | D:3      | Reached XP level 5. HP: 28/28 MP: 11/11
  4361 | D:3      | Noticed Sigmund
  4606 | D:3      | Killed Sigmund
  4607 | D:3      | Reached skill level 5 in Spellcasting
  4607 | D:3      | Reached skill level 5 in Earth Magic
  4607 | D:3      | Reached XP level 6. HP: 6/32 MP: 1/13
  5295 | D:4      | Noticed an orc warrior
  5671 | D:4      | Reached XP level 7. HP: 29/36 MP: 14/14
  5676 | D:4      | Found a glowing drain.
  5684 | Sewer    | Entered a sewer
  6978 | D:4      | Learned a level 3 spell: Stone Arrow
  7005 | D:4      | Noticed Edmund
  7039 | D:4      | Killed Edmund
  7040 | D:4      | Reached XP level 8. HP: 38/41 MP: 2/15
  7304 | D:4      | Reached skill level 10 in Earth Magic
  8015 | D:5      | Entered Level 5 of the Dungeon
  8136 | D:5      | Learned a level 2 spell: Passwall
  8271 | D:5      | Found a staircase to the Ecumenical Temple.
  8280 | Temple   | Entered the Ecumenical Temple
  8571 | Temple   | Became a worshipper of Ashenzari the Shackled
  9111 | D:5      | Reached XP level 9. HP: 30/45 MP: 2/17
  9237 | D:6      | Found a basalt altar of Yredelemnul.
  9398 | D:6      | Noticed Blork the orc
  9405 | D:6      | Killed Blork the orc
  9804 | D:6      | Reached skill level 5 in Fighting
 11554 | D:8      | Reached XP level 10. HP: 57/64 MP: 16/19
 11677 | D:8      | Identified the +11 hand axe "Goixiuw" {drain, Drain Will+
                  | Int+2}
 11715 | D:8      | Found a staircase to the Lair.
 11723 | D:8      | Noticed a two-headed ogre
 11733 | D:8      | Killed a two-headed ogre
 11735 | D:8      | Reached skill level 10 in Fighting
 12259 | D:8      | Noticed a two-headed ogre
 12269 | D:8      | Killed a two-headed ogre
 12749 | D:8      | Noticed a cyclops
 12755 | D:8      | Killed a cyclops
 12937 | D:8      | Reached skill level 5 in Stealth
 12956 | D:8      | Noticed a tengu warrior
 12959 | D:8      | Noticed a purple ugly thing
 13012 | D:8      | Noticed a manticore
 13015 | D:8      | Killed a manticore
 13016 | D:8      | Reached XP level 11. HP: 76/76 MP: 13/20
 13119 | D:8      | Killed a purple ugly thing
 13278 | D:8      | Noticed a two-headed ogre
 13284 | D:8      | Killed a two-headed ogre
 13387 | D:8      | Killed a tengu warrior
 13931 | D:9      | Found Zinoan's Magic Scroll Shoppe.
 13991 | D:9      | Bought a scroll of magic mapping for 49 gold pieces
 13991 | D:9      | Bought a scroll of noise for 14 gold pieces
 14103 | D:9      | Reached skill level 1 in Shields
 14220 | D:9      | Reached * piety under Ashenzari
 14257 | D:9      | Found a large runed translucent door.
 14257 | D:9      | Found a large runed translucent door.
 14261 | D:9      | Noticed DocClef's ghost (journeyman DrFi)
 14403 | D:9      | Found Qoanyoc's Distillery.
 14720 | D:9      | Reached skill level 5 in Shields
 14849 | D:9      | Found a staircase to the Orcish Mines.
 14866 | D:9      | Noticed a two-headed ogre
 14873 | D:9      | Killed a two-headed ogre
 14874 | D:9      | Reached skill level 1 in Summonings
 14917 | D:9      | Found Uhokleg's Weapon Emporium.
 14949 | D:9      | Noticed a six-headed hydra
 14949 | D:9      | Noticed a two-headed ogre
 14949 | D:9      | Noticed a two-headed ogre
 14949 | D:9      | Noticed a cyclops
 14971 | D:9      | Noticed a death knight
 14978 | D:9      | Killed a death knight
 15081 | D:9      | Noticed a boulder beetle
 15092 | D:9      | Killed a boulder beetle
 15226 | D:9      | Identified the +11 rapier of Qumeownig {drain, rCorr Str-4
                  | Dex+3 SInv}
 15311 | D:9      | Killed DocClef's ghost
 15312 | D:9      | Reached XP level 12. HP: 37/73 MP: 12/24
 15522 | D:10     | Entered Level 10 of the Dungeon
 15603 | D:10     | Reached ** piety under Ashenzari
 15617 | D:10     | Found a flagged portal.
 15753 | Bailey   | Entered a bailey
 16421 | Bailey   | Identified the +1 plate armour of the Mango {Rampage rElec
                  | Will+}
 16458 | Bailey   | Identified the +3 ice dragon scales of Weasyic {rF- rC++
                  | Int+5}
 16784 | D:10     | Reached skill level 5 in Summonings
 17717 | D:10     | Noticed Nergalle
 17736 | D:10     | Mangled by a spectral orc knight

Illustrated notes

Levels and vault maps discovered:
D:1:      evilmike_arrival_hilbert_curve, layout_basic
D:2:      layout_loops_ring, serial_co_window_serial, co_window_corner_a,
          co_window_paths_b, co_window_corner_a, co_window_paths_a,
          co_window_corner_a, co_window_2corner, co_window_corner_b,
          co_window_corner_cb, co_window_broadway_c, co_window_unsneaky_path_b,
          co_window_unsneaky_path_d, glass_columns_b, glass_columns_a,
          glass_columns_b, glass_columns_b, minmay_pentomino_v4, uniq_robin
D:3:      layout_basic, minmay_fractal_squares_diagonal_5, uniq_sigmund
D:4:      layout_cave_pods, portal_sewer_entry_e, uniq_edmund
D:5:      layout_rooms, temple_fountains, item_on_display_a
D:6:      layout_cave_pools, lemuel_tele_altar, uniq_blork_the_orc
D:7:      layout_basic
D:8:      nzn_winding_woodlands_stair_cross
          [nzn_winding_woodlands_5x15_pathside_ponds,
          nzn_winding_woodlands_center_triple_pond,
          nzn_winding_woodlands_5x15_lazy_stream,
          nzn_winding_woodlands_5x5_cross, nzn_winding_woodlands_5x5_perimeter,
          nzn_winding_woodlands_5x15_garden,
          nzn_winding_woodlands_center_diamonds,
          nzn_winding_woodlands_5x15_split_checker], layout_cave_pools
D:9:      minmay_cornered_nines, layout_basic, orc_0_dummy,
          ebering_ghost_disaster_area, serial_shops, kennysheep_little_box,
          nicolae_stop_n_shop_1, shop, minmay_the_grid_2x2
          [minmay_the_grid_odd_star, minmay_the_grid_pillar_ring,
          minmay_the_grid_tiny_cups, minmay_the_grid_prize_big_room]
D:10:     layout_cave_pods, enter_bailey_5, due_unseen_surprise, uniq_nergalle
Temple:   roderic_octagonal_lattice_temple

Skill      XL: |  1  2  3  4  5  6  7  8  9 10 11 12 |
---------------+-------------------------------------+-----
Spellcasting   | 3 4 5 6 8 |  8.0
Earth Magic    | 5 6 9 12 | 12.0
Fighting       | 8 12 | 12.0
Stealth        | 5 |  5.0
Shields        | 7 9 |  9.0
Summonings     | 3 5 |  5.7
Dodging        | |  1.5
Transmutations | |  0.7

Action                   |  1- 3 |  4- 6 |  7- 9 | 10-12 || total
-------------------------+-------+-------+-------+-------++-------
Melee: Unarmed           |    11 |       |       |       ||    11
       Mace              |    80 |       |       |       ||    80
       Dagger            |    42 |   129 |       |       ||   171
       Punch             |     1 |     2 |       |       ||     3
       Quarterstaff      |       |    29 |   193 |    28 ||   250
       Hand axe          |       |       |       |   126 ||   126
       Rapier            |       |       |       |   121 ||   121
 Cast: Sandblast         |    19 |    20 |    22 |    51 ||   112
       Stone Arrow       |       |       |    40 |   118 ||   158
       Passwall          |       |       |     2 |     2 ||     4
Invok: Curse Item        |       |       |       |     4 ||     4
Evoke: Wand              |       |       |       |    11 ||    11
  Use: Scroll            |       |     3 |    10 |     2 ||    15
       Potion            |       |       |     1 |     1 ||     2
 Stab: Sleeping          |       |       |       |     4 ||     4
       Distracted        |       |       |       |     2 ||     2
Armor: Robe              |    53 |       |    44 |   162 ||   259
       Leather armour    |     7 |    75 |    91 |       ||   173
Dodge: Dodged            |    87 |    91 |   127 |   287 ||   592
Block: Kite shield       |       |       |       |   205 ||   205
